 Dungeon Crawl Stone Soup version 0.18.1-48-g4cf74bf (webtiles) character file.

238 Peloso the Covered (level 5, -2/47 HPs)
             Began as a Minotaur Fighter on July 3, 2016.
             Killed by nerve-wracking pain
             ... invoked by Grinder
              (3 damage)
             ... on level 4 of the Dungeon.
             The game lasted 00:06:35 (2366 turns).

Peloso the Covered (Minotaur Fighter)               Turns: 2366, Time: 00:06:36

Health: -2/47      AC: 11    Str: 20    XL:     5   Next: 78%
Magic:  4/4        EV:  6    Int:  5    God:
Gold:   123        SH:  9    Dex: 11    Spells: 0 memorised, 4 levels left

rFire  . . .     SeeInvis .     a - +0 long sword
rCold  . . .     Gourm    .     q - +0 chain mail
rNeg   . . .     Faith    .     c - +0 shield
rPois  +         Spirit   .     (helmet restricted)
rElec  .         Dismiss  .     e - +0 cloak
rCorr  .         Reflect  .     (no gloves)
SustAt .         Harm     .     (no boots)
MR     .....                    (no amulet)
Stlth  ..........               (no ring)
                                i - ring of poison resistance

@: not resistant to hostile enchantments, extremely unstealthy
A: retaliatory headbutt, horns 2
a: no special abilities


You were on level 4 of the Dungeon.
You were very hungry.

You visited 1 branch of the dungeon, and saw 4 of its levels.

You collected 123 gold pieces.

Inventory:

Hand Weapons
 a - a +0 long sword (weapon)
Armour
 b - a +0 scale mail
 c - a +0 shield (worn)
 e - a +0 cloak (worn)
 q - a +0 chain mail (worn)
Jewellery
 i - a ring of poison resistance (left hand)
Wands
 s - a wand of confusion (42/48)
Scrolls
 k - a scroll of recharging
 l - 2 scrolls of teleportation
 m - a scroll of remove curse
 n - a scroll of amnesia
 r - a scroll of identify {unknown}
 t - a scroll of random uselessness {unknown}
Potions
 d - a potion of might
 h - a potion of haste {unknown}
Comestibles
 f - 2 bread rations
 g - 2 beef jerkies
 j - 5 fruits
 o - 2 chunks of flesh


   Skills:
 + Level 4.4 Fighting
 + Level 4.1 Long Blades
 + Level 5.1 Armour
 + Level 1.8 Dodging
 + Level 0.3 Stealth
 + Level 4.8 Shields


You had 4 spell levels left.
You didn't know any spells.

Dungeon Overview and Level Annotations

Branches:
Dungeon (4/15)
 Temple: D:4-7

Altars:
Gozag

Annotations:
D:4 Grinder


Innate Abilities, Weirdness & Mutations

You reflexively headbutt those who attack you in melee.
You have a pair of horns on your head.


Message History

Unknown command.
You barely miss Grinder. Grinder hits you.
* * * LOW HITPOINT WARNING * * *
You writhe in agony. x2
Unknown command.
You block Grinder's attack. Grinder hits you.
* * * LOW HITPOINT WARNING * * *
There is an escape hatch in the floor here.
You closely miss Grinder. You headbutt Grinder.
Grinder is lightly wounded.
Grinder hits you.
* * * LOW HITPOINT WARNING * * *
You writhe in agony.
* * * LOW HITPOINT WARNING * * *
You closely miss Grinder.
Grinder is lightly wounded.
Grinder gestures at you. Pain shoots through your body!
You die...

.# .# .# .# ## ##.# ...# #..#
#..... #.# ##.##...########)#
######... #..@5....#)####... #
#...#...## ########........# ..
..>......###########.####......
..........#.....##.....## ##
..$..........oh............
.........................##
.........................#
....#...#.!..$...........# .##
#####................#


You could see Grinder.

Vanquished Creatures
  An orc wizard (D:4)
  Natasha (D:4)
  2 worker ants
  2 adders
  4 worms
  2 dart slugs
  2 giant geckos
  18 orcs
  A ball python (D:4)
  11 bats
  4 giant cockroaches
  4 goblins
  8 hobgoblins
  6 jackals
  6 kobolds
  8 giant newts
  6 rats
86 creatures vanquished.

Notes
Turn   | Place    | Note
--------------------------------------------------------------
     0 | D:1      | Peloso the Minotaur Fighter began the quest for the Orb.
     0 | D:1      | Reached XP level 1. HP: 19/19 MP: 0/0
   120 | D:1      | Reached skill level 4 in Armour
   187 | D:1      | Reached XP level 2. HP: 27/27 MP: 1/1
   713 | D:1      | Reached XP level 3. HP: 26/33 MP: 2/2
  1402 | D:3      | Reached XP level 4. HP: 35/40 MP: 3/3
  1660 | D:3      | Reached skill level 1 in Dodging
  1896 | D:3      | Reached XP level 5. HP: 38/46 MP: 4/4
  2207 | D:2      | Found an opulent altar of Gozag.
  2282 | D:4      | Noticed Natasha
  2283 | D:4      | Noticed Grinder
  2313 | D:4      | Reached skill level 5 in Armour
  2325 | D:4      | Killed Natasha
  2354 | D:4      | Paralysed by Grinder for 3 turns
  2365 | D:4      | HP: 1/47 [Grinder (6)]
  2366 | D:4      | Killed from afar by Grinder

Skill      XL: |  1  2  3  4  5 |
---------------+----------------+-----
Armour         | 4 5 |  5.1
Fighting       | 4 |  4.4
Shields        | 4 |  4.8
Long Blades    | 3 4 |  4.1
Dodging        | 1 |  1.8
Stealth        | |  0.3

Action                   |  1- 3 |  4- 6 || total
-------------------------+-------+-------++-------
Melee: Long sword        |    98 |   135 ||   233
       Headbutt          |    14 |    21 ||    35
  Use: Scroll            |       |     5 ||     5
  Eat: Chunk             |     2 |     2 ||     4
Armor: Scale mail        |    40 |    14 ||    54
       Chain mail        |       |    67 ||    67
Dodge: Dodged            |    29 |    31 ||    60
Block: Shield            |    42 |    68 ||   110
